Cogmind - Beta 10.2 @@@ ROGUE MODE // 2021.10.30 @ 19:59:07 // Winter2019/RPGLIKE Player: Kom Result: Destroyed by H-55 Commando with Assault Rifle Performance ------------- Evolutions (1) 500 Regions Visited (5) 1000 Robots Destroyed (137) 685 Value Destroyed (3821) 3821 Prototype IDs (11) 220 Alien Tech Used (0) 0 Bonus (911) 911 TOTAL SCORE: 7137 Bonus ------- High Alert Combat Kills 626 Aligned with FarCom 300 Friendly Fire -15 Cogmind --------- Core Integrity 0/750 Matter 207/350 Energy 201/210 System Corruption 1% Temperature Cool (0) Movement Flying (37) Location -9/Exiles Parts ------- > --- POWER (2) -------- Light Nuclear Core > --- PROPULSION (4) --- Flight Unit Flight Unit VTOL Module VTOL Module > --- UTILITY (4) ------ Improved Sensor Array Signal Interpreter Improved Terrain Scanner Targeting Computer > --- WEAPON (4) ------- Autogun 8R-AWN's Boregun 8R-AWN's Boregun Grenade Launcher > --- INVENTORY (3) ---- Protomatter-13 Weight Redist. System Improved Light Cannon Peak State ------------ > --- POWER ------------ Light Nuclear Core > --- PROPULSION ------- Flight Unit Flight Unit VTOL Module VTOL Module > --- UTILITY ---------- Improved Sensor Array Signal Interpreter Improved Terrain Scanner Targeting Computer > --- WEAPON ----------- Autogun 8R-AWN's Boregun 8R-AWN's Boregun Grenade Launcher > --- INVENTORY -------- Protomatter Weight Redist. System Improved Light Cannon [Rating: 38] Favorites ----------- Power Light Nuclear Core Engine Light Ion Engine Power Core Light Nuclear Core Propulsion Flight Unit Leg Aluminum Leg Hover Unit Airjet Flight Unit Flight Unit Utility Improved Terrain Scanner Device Improved Terrain Scanner Processor Signal Interpreter Weapon Assault Rifle Energy Cannon Latent Energy Streamer Ballistic Gun Assault Rifle Ballistic Cannon Improved Light Cannon Launcher Grenade Launcher Special Weapon Field Lobotomy Kit Build | -11 -10 -10 -9 -9 -9 ------- Run | Scr Mat Min Mat Min Exi Slots Evolved 10 | 4 1 1 4 . . Power 1 | . . . 1 . . Propulsion 3 | 1 . 1 1 . . Utility 3 | 2 . . 1 . . Weapon 3 | 1 1 . 1 . . Parts Attached 52 | 6 19 . 21 . 6 Power 3 | 1 2 . . . . Engine 1 | 1 . . . . . Core 2 | . 2 . . . . Reactor . | . . . . . . Propulsion 21 | 2 8 . 11 . . Treads . | . . . . . . Leg 2 | 2 . . . . . Wheel . | . . . . . . Hover 3 | . . . 3 . . Flight 16 | . 8 . 8 . . Utility 6 | 1 4 . 1 . . Device 3 | 1 2 . . . . Storage . | . . . . . . Processor 3 | . 2 . 1 . . Hackware . | . . . . . . Protection . | . . . . . . Artifact . | . . . . . . Weapon 22 | 2 5 . 9 . 6 Energy Gun . | . . . . . . Energy Cannon 1 | . . . . . 1 Ballistic Gun 13 | 2 4 . 5 . 2 Ballistic Cannon 4 | . . . 3 . 1 Launcher 3 | . 1 . 1 . 1 Special Weapon 1 | . . . . . 1 Impact Weapon . | . . . . . . Slashing Weapon . | . . . . . . Piercing Weapon . | . . . . . . Special Melee Weapon . | . . . . . . Unidentified Prototypes 3 | . . . . . 3 Parts Lost . | . . . . . . Power . | . . . . . . Propulsion . | . . . . . . Utility . | . . . . . . Weapon . | . . . . . . Highest Loss Streak . | . . . . . . Average Slot Usage (%) 93 | . 96 90 91 92 91 Engine 1 | . 3 . . . . Core 7 | . 8 10 7 7 7 Flight 24 | . 22 20 26 28 28 Device 18 | . 22 20 16 14 14 Processor 10 | . 10 10 7 14 14 Ballistic Gun 24 | . 27 30 23 21 21 Ballistic Cannon 3 | . . . 6 7 2 Launcher 1 | . 1 . . . 4 Naked Turns . | . . . . . . Heaviest Build 25 | 8 14 13 20 20 25 Greatest Support 37 | 8 18 18 37 25 25 Greatest Overweight (x) 1 | . 1 . . . . Average Overweight (x) . | . . . . . . Largest Inventory Capacity 3 | 1 2 2 3 3 3 Average Capacity 1 | 1 1 2 2 3 3 Most Carried 3 | 1 2 2 3 3 3 Average Carried 1 | . 1 1 1 2 2 Final Capacity 3 | 1 2 2 3 3 3 Final Carried 3 | . 2 2 3 3 3 Class Distribution -------------------- 92% | Scavenger-Scout 5% | Mutant Dominant Class ---------------- Scavenger-Scout | -10/Materials Scavenger-Scout | -10/Mines Scavenger-Scout | -9/Materials Scavenger-Scout | -9/Mines Scavenger-Scout | -9/Exiles Resources | -11 -10 -10 -9 -9 -9 ----------- Run | Scr Mat Min Mat Min Exi Matter Collected 3937 | 332 1313 52 1684 199 357 Remotely . | . . . . . . Salvage Created 4651 | 123 1331 111 2008 253 825 Parts 303 | 8 83 5 144 18 45 Haulers Intercepted 8 | . 2 . 6 . . Recyclers Shooed 1 | . 1 . . . . Parts Field Recycled . | . . . . . . Retrieved Matter . | . . . . . . Parts Self-Destructed . | . . . . . . Prevented . | . . . . . . Kills | -11 -10 -10 -9 -9 -9 ------- Run | Scr Mat Min Mat Min Exi Combat Hostiles Destroyed 100 | . 24 2 44 8 22 Guns 73 | . 24 2 28 7 12 Cannons 13 | . . . 12 1 . AOE 14 | . . . 4 . 10 Classes Destroyed 16 | 2 7 . 4 . 3 Worker 6 | . 6 . . . . Builder 5 | . 3 . 2 . . Tunneler 5 | 3 1 . 1 . . Hauler 8 | . 2 . 6 . . Recycler 2 | 1 1 . . . . Operator 3 | . 1 . 2 . . Watcher 8 | . 3 . 5 . . Swarmer 15 | . 3 . 7 4 1 Grunt 58 | . 21 2 23 2 10 Brawler 2 | . . . 1 . 1 Duelist 2 | . . . 1 . 1 Protector 2 | . . . 2 . . Sentry 12 | . . . 10 2 . Demolisher 1 | . . . . . 1 Hunter 5 | . . . . . 5 Programmer 2 | . . . . . 2 Best Kill Streak 11 | 3 5 2 11 4 11 Combat Bots Only 11 | . 4 2 5 4 11 Max Kills in Single Turn 5 | 1 1 1 2 1 5 Gunslinging 1 | . . . . . 1 Exploded 5 | . . . 2 . 5 Melee . | . . . . . . Uniques/NPCs Destroyed 1 | . . . . . 1 8R-AWN (-9/Exiles) Combat | -11 -10 -10 -9 -9 -9 -------- Run | Scr Mat Min Mat Min Exi Damage Taken 3172 | . 1012 39 863 123 1135 Core 2555 | . 830 30 685 92 918 Absorbed by Shields . | . . . . . . Redirected to Core 2063 | . 590 30 592 92 759 Core Remaining (%) 94 | 100 . 89 . . . Volleys Fired 328 | 12 145 4 117 12 38 Largest 4 | 2 3 3 4 4 4 Hottest 115 | 40 60 60 115 108 108 Shots Fired 940 | 24 314 12 427 48 115 Gun 782 | 24 293 12 313 36 104 Cannon 130 | . . . 112 12 6 Launcher 28 | . 21 . 2 . 5 Special . | . . . . . . Kinetic 912 | 24 293 12 425 48 110 Thermal . | . . . . . . Explosive 28 | . 21 . 2 . 5 Electromagnetic . | . . . . . . Robot Hit Streak 24 | 5 14 6 24 14 20 Robot Miss Streak 10 | 3 10 1 4 1 5 Penetration Max . | . . . . . . Secondary Targets 8 | . 3 . . . 5 Max Gunslinging Chain 1 | . 1 . . . 1 Shots Hit Robots 572 | 13 176 8 257 29 89 Core Hits 246 | 5 68 5 99 13 56 Critical Hits 5 | . 1 . 3 . 1 Critical Kills 2 | . 1 . . . 1 Critical Parts Destroyed 2 | . . . 2 . . Melee Attacks . | . . . . . . Impact . | . . . . . . Slashing . | . . . . . . Piercing . | . . . . . . Sneak Attacks . | . . . . . . Combat Hostiles . | . . . . . . Follow-up Attacks . | . . . . . . Damage Inflicted 8544 | 160 2216 116 3688 392 1972 Guns 6402 | 160 2127 116 2549 347 1103 Cannons 978 | . . . 920 45 13 Explosions 1164 | . 89 . 219 . 856 Melee . | . . . . . . Ramming . | . . . . . . Kinetic 7380 | 160 2127 116 3469 392 1116 Thermal . | . . . . . . Explosive 1164 | . 89 . 219 . 856 Electromagnetic . | . . . . . . Impact . | . . . . . . Slashing . | . . . . . . Piercing . | . . . . . . Highest Corruption 1 | . 1 1 1 1 1 Average Corruption 1 | . 1 1 1 1 1 Corruption Purged . | . . . . . . Effects 18 | . 10 2 1 2 3 Message Errors 6 | . 4 1 1 . . Energy Discharges 2 | . . . . . 2 Data Loss (minor) 4 | . 2 1 . 1 . Targeting Errors 5 | . 4 . . 1 . Weapon Failures 1 | . . . . . 1 Overload Shots . | . . . . . . Overflow Damage 29 | . 18 . 11 . . Projectiles 11 | . . . 11 . . Explosions 18 | . 18 . . . . Melee . | . . . . . . Knockbacks 1 | . . . 1 . . Impact . | . . . . . . Kinetic 1 | . . . 1 . . Secondary . | . . . . . . Self-Inflicted Damage 78 | . 64 . . . 14 Shots 3 | . 2 . . . 1 Rammed . | . . . . . . Targets Rammed . | . . . . . . Kicked . | . . . . . . Crushed . | . . . . . . Highest Temperature 120 | 6 120 . 7 . . Average Temperature 26 | 6 26 . 4 . . Received Heat Transfer 1014 | . 462 24 414 30 84 Siege Activations . | . . . . . . Robots Corrupted . | . . . . . . Combat Hostiles . | . . . . . . Parts Fried . | . . . . . . Impact Corruptions . | . . . . . . Robots Melted . | . . . . . . Combat Hostiles . | . . . . . . Parts Melted . | . . . . . . Heat Transferred . | . . . . . . Parts Sabotaged . | . . . . . . Parts Stolen . | . . . . . . Parts Stripped . | . . . . . . Power Chain Reactions . | . . . . . . Missiles Intercepted . | . . . . . . Alert | -11 -10 -10 -9 -9 -9 ------- Run | Scr Mat Min Mat Min Exi Peak Influence 1224 | 20 599 283 1224 672 . Initial 477 | . 13 233 109 477 . Average 465 | 6 280 254 652 594 . Maximum Alert Level 4 | . 2 1 4 2 . Low Security (%) 25 | 100 39 . 19 . . Level 1 26 | . 37 100 15 . . Level 2 28 | . 23 . 13 100 . Level 3 15 | . . . 39 . . Level 4 5 | . . . 12 . . Level 5 . | . . . . . . High Security . | . . . . . . Max Security . | . . . . . . Squads Dispatched 16 | . 8 . 8 . . Investigation 10 | . 7 . 3 . . Extermination . | . . . . . . Reinforcement 4 | . 1 . 3 . . Assault 2 | . . . 2 . . Garrison . | . . . . . . Intercept . | . . . . . . Construction Impeded 1 | . . . 1 . . Haulers Reinforced . | . . . . . . Stealth | -11 -10 -10 -9 -9 -9 --------- Run | Scr Mat Min Mat Min Exi Distress Signals . | . . . . . . Communications Jammed . | . . . . . . Distress Signals . | . . . . . . Times Spotted 130 | . 31 2 60 7 30 Peak Tracking Total 16 | . 4 2 5 4 16 Tactical Retreats 4 | . 1 . 1 . 2 Traps | -11 -10 -10 -9 -9 -9 ------- Run | Scr Mat Min Mat Min Exi Traps Triggered 4 | . 4 . . . . Indirectly . | . . . . . . Trap Hack Attempts . | . . . . . . Triggered . | . . . . . . Disarmed . | . . . . . . Reprogrammed . | . . . . . . Reused . | . . . . . . Traps Extracted . | . . . . . . Installed . | . . . . . . Triggered . | . . . . . . Exploded 2 | . . . . . 2 Machines | -11 -10 -10 -9 -9 -9 ---------- Run | Scr Mat Min Mat Min Exi Machines Disabled 14 | . 12 . 1 . 1 Max in Single Turn 3 | . 3 . 1 . 1 Machines Sabotaged . | . . . . . . Garrisons Compromised . | . . . . . . Overloaded Fab Kills . | . . . . . . Fab Network Shutdowns . | . . . . . . Hacking | -11 -10 -10 -9 -9 -9 --------- Run | Scr Mat Min Mat Min Exi Machines Accessed 23 | . 7 . 13 . 3 Terminals 14 | . 6 . 8 . . Fabricators . | . . . . . . Repair Stations 3 | . 1 . 2 . . Recycling Units 1 | . . . 1 . . Scanalyzers 2 | . . . 2 . . Garrison Access . | . . . . . . Total Hacks 118 | . 46 . 46 . 26 Successful 90 | . 31 . 33 . 26 Failed 26 | . 13 . 13 . . Catastrophic 1 | . . . 1 . . Database Lockouts 2 | . 2 . . . . Manual 12 | . 6 . 5 . 1 Terminals 72 | . 42 . 30 . . Fabricators . | . . . . . . Repair Stations 10 | . 4 . 6 . . Recycling Units 2 | . . . 2 . . Scanalyzers 8 | . . . 8 . . Garrison Access . | . . . . . . Terminal Hacks 73 | . 27 . 20 . 26 Record 40 | . 8 . 6 . 26 Robot Analysis 1 | . 1 . . . . Prototype ID Bank 5 | . 3 . 2 . . Branch Access Points 2 | . . . 2 . . Emergency Access Points 2 | . 1 . 1 . . Terminal Index 2 | . 1 . 1 . . Alert Level 1 | . 1 . . . . Locate Traps 3 | . 1 . 2 . . Dispatch Records 2 | . 2 . . . . Security Status 1 | . 1 . . . . Transport Status 1 | . 1 . . . . Investigation Status 1 | . 1 . . . . Reinforcement Status 3 | . 2 . 1 . . Assault Status 2 | . 1 . 1 . . Registered Components 2 | . . . 2 . . Zone Layout 5 | . 3 . 2 . . Fabricator Hacks . | . . . . . . Repair Station Hacks 7 | . 4 . 3 . . Scan Component 4 | . 2 . 2 . . Repair 3 | . 2 . 1 . . Recycling Unit Hacks 2 | . . . 2 . . Report Inventory 1 | . . . 1 . . Retrieve Components 1 | . . . 1 . . Scanalyzer 8 | . . . 8 . . Insert Component 4 | . . . 4 . . Analyze 4 | . . . 4 . . Garrison Access Hacks . | . . . . . . Unauthorized Hacks . | . . . . . . Terminals . | . . . . . . Fabricators . | . . . . . . Repair Stations . | . . . . . . Recycling Units . | . . . . . . Scanalyzers . | . . . . . . Garrison Access . | . . . . . . Data Cores Recovered . | . . . . . . Used . | . . . . . . Hacking Detections 16 | . 7 . 9 . . Full Trace Events 13 | . 6 . 7 . . Feedback Events 2 | . 1 . 1 . . Corruption 2 | . 1 . 1 . . Feedback Blocked . | . . . . . . Robot Schematics Acquired . | . . . . . . Robots Built . | . . . . . . Matter . | . . . . . . Time . | . . . . . . Total Robot Build Rating . | . . . . . . Part Schematics Acquired 4 | . . . 4 . . Parts Built . | . . . . . . Matter . | . . . . . . Time . | . . . . . . Total Part Build Rating . | . . . . . . Parts Repaired 3 | . 2 . 1 . . Time 78 | . 52 . 26 . . Parts Recycled . | . . . . . . Recycled Matter . | . . . . . . Retrieved Matter . | . . . . . . Retrieved Components 9 | . . . 9 . . Parts Scanalyzed 4 | . . . 4 . . Part Schematics Acquired 4 | . . . 4 . . Parts Damaged . | . . . . . . Bothacking | -11 -10 -10 -9 -9 -9 ------------ Run | Scr Mat Min Mat Min Exi Used RIF Installer . | . . . . . . Robots Hacked . | . . . . . . Non-combat . | . . . . . . Combat . | . . . . . . Robot Hacks Applied . | . . . . . . Relay Couplers Released . | . . . . . . Robots Rewired . | . . . . . . Allies Hacked . | . . . . . . Hacks Repelled . | . . . . . . Allies | -11 -10 -10 -9 -9 -9 -------- Run | Scr Mat Min Mat Min Exi Total Allies . | . . . . . . Largest Group . | . . . . . . Highest-Rated Group . | . . . . . . Highest-Rated Ally . | . . . . . . Total Orders . | . . . . . . Ally Attacks . | . . . . . . Total Damage . | . . . . . . Kills . | . . . . . . Allies Corrupted . | . . . . . . Allies Melted . | . . . . . . Intel | -11 -10 -10 -9 -9 -9 ------- Run | Scr Mat Min Mat Min Exi Robot Analysis Total 1 | . 1 . . . . Derelict Logs Recovered 4 | . . 2 . 2 . Drone Launches . | . . . . . . Drone Recoveries . | . . . . . . Exploration | -11 -10 -10 -9 -9 -9 ------------- Run | Scr Mat Min Mat Min Exi Turns Passed 4115 | 89 1420 199 1494 514 399 Spaces Moved 5121 | 83 1829 404 1699 591 515 Core 109 | 83 16 . 10 . . Treads . | . . . . . . Legs . | . . . . . . Wheels . | . . . . . . Hover 1 | . . . 1 . . Flight 5011 | . 1813 404 1688 591 515 Fastest Speed 34 | 50 37 37 34 37 37 Average Speed 37 | 50 37 37 37 37 37 Slowest Speed 120 | 50 120 37 52 37 37 Overloaded Moves . | . . . . . . Propulsion Burnouts . | . . . . . . Robots Hopped 37 | . 10 1 13 13 . Cave-ins Triggered . | . . . . . . Exploration Rate (%) 70 | 3 97 82 95 95 53 Regions Visited 5 Branch Regions 3 Pre-discovered Areas 1 | . . . . 1 . Known Exits Taken 4 | . 1 1 1 1 . Unknown Exits Taken 1 | 1 . . . . . Scrap Searched 3 | . . 1 . 2 . Spaces Dug 8 | . 8 . . . . Terrain Destroyed 317 | . 274 . 25 1 17 Melee . | . . . . . . Projectile 9 | . . . 8 1 . AOE 308 | . 274 . 17 . 17 Terrain Rammed . | . . . . . . Walls Destroyed . | . . . . . . Machines Disabled . | . . . . . . Actions | -11 -10 -10 -9 -9 -9 --------- Run | Scr Mat Min Mat Min Exi Total 6606 | 106 2274 443 2287 846 650 Wait 982 | . 236 33 391 246 76 Move 5042 | 82 1808 401 1672 564 515 Hop 37 | . 10 1 13 13 . Pick Up 28 | 6 6 2 10 2 2 Fast Attach 23 | . 9 . 11 . 3 Attach 12 | 6 2 . 3 . 1 Detach . | . . . . . . Swap 17 | . 8 . 7 . 2 Drop 32 | . 8 2 15 2 5 Fire 328 | 12 145 4 117 12 38 Melee . | . . . . . . Ram . | . . . . . . Kick . | . . . . . . Crush . | . . . . . . Escape Stasis . | . . . . . . Rewire . | . . . . . . Trap . | . . . . . . Miscellaneous 105 | . 42 . 48 7 8 Route ------- -11/Scrapyard -10/Materials (discovered 5 exits: *Mat x3 / *Min x2) -10/Mines -9/Materials (discovered 4 exits: *Mat x3 / *Min) -9/Mines (discovered 3 exits: *Mat x2 / *Exi) -9/Exiles (discovered 1 exit: *Min) History --------- Turn | Location | Event 1 | -11/Scrapyard | Upgraded with Propulsion slot (x1) 1 | -11/Scrapyard | Upgraded with Utility slot (x2) 1 | -11/Scrapyard | Upgraded with Weapon slot (x1) 9 | -11/Scrapyard | Discovered new exit (range 15) 90 | -11/Scrapyard | Entered Materials 163 | -10/Materials | Discovered new exit (range 16) 174 | -10/Materials | Discovered new exit (range 11) 261 | -10/Materials | Discovered new exit (range 13) 287 | -10/Materials | Discovered new exit (range 15) 293 | -10/Materials | Identified exit to Mines 388 | -10/Materials | Discovered exit to Mines (range 16) 515 | -10/Materials | Build established: Scavenger-Scout 684 | -10/Materials | Central database locked down 684 | -10/Materials | Central database locked down 727 | -10/Materials | Reached level 2 748 | -10/Materials | Upgraded with Weapon slot (x1) 974 | -10/Materials | Repaired Flight Unit 1001 | -10/Materials | Repaired Flight Unit 1115 | -10/Materials | Identified exit to Materials 1222 | -10/Materials | Reached level 3 1510 | -10/Materials | Entered Mines 1512 | -10/Mines | Reached level 4 1513 | -10/Mines | Upgraded with Propulsion slot (x1) 1534 | -10/Mines | Learned Materials terminal intel 1561 | -10/Mines | Learned Materials stockpile data 1575 | -10/Mines | A weapon hastily lodged in a ceiling crevice suddenly fell to the ground 1601 | -10/Mines | Discovered exit to Materials (range 8) 1699 | -10/Mines | Received a Rocket Launcher from a helpful Derelict 1709 | -10/Mines | Entered Materials 1710 | -9/Materials | Loaded intel: 11 terminal locations 1711 | -9/Materials | Reached level 5 1715 | -9/Materials | Upgraded with Weapon slot (x1) 1741 | -9/Materials | Repaired Flight Unit 2067 | -9/Materials | Reached level 6 2070 | -9/Materials | Upgraded with Power slot (x1) 2135 | -9/Materials | Identified exit to Mines 2201 | -9/Materials | Discovered new exit (range 13) 2401 | -9/Materials | Reached level 7 2509 | -9/Materials | First assault squad dispatched 2550 | -9/Materials | Discovered new exit (range 10) 2554 | -9/Materials | Identified exit to Materials 2600 | -9/Materials | Reached level 8 2659 | -9/Materials | Upgraded with Propulsion slot (x1) 3036 | -9/Materials | Discovered exit to Materials (range 14) 3147 | -9/Materials | Reached level 9 3172 | -9/Materials | Upgraded with Utility slot (x1) 3203 | -9/Materials | Entered Mines 3215 | -9/Mines | Learned Materials trap positions 3264 | -9/Mines | Discovered exit to Materials (range 2) 3275 | -9/Mines | YI-UF0 nonchalantly dropped a Grenade Launcher on the ground 3336 | -9/Mines | Discovered exit to Materials (range 6) 3389 | -9/Mines | Deemed a non-threat by the Exiles lab entrance 3389 | -9/Mines | Discovered new exit (range 5) 3390 | -9/Mines | Identified exit to Exiles 3717 | -9/Mines | Entered Exiles 3726 | -9/Exiles | Discovered new exit (range 14) 3731 | -9/Exiles | Identified exit to Mines 3738 | -9/Exiles | Met 8R-AWN 3745 | -9/Exiles | Met EX-HEX 3758 | -9/Exiles | Met EX-BIN 3764 | -9/Exiles | Aligned with FarCom system 3765 | -9/Exiles | Given EX-Vault access code 3783 | -9/Exiles | Opened EX-Vault 3786 | -9/Exiles | Found Prototype Special Weapon 3787 | -9/Exiles | Identified Field Lobotomy Kit 3790 | -9/Exiles | Found Prototype Energy Cannon 3790 | -9/Exiles | Identified Latent Energy Streamer 3803 | -9/Exiles | Warned to stay clear of 0b10 Research branches 3807 | -9/Exiles | Exiles lab attacked by MAIN.C 3907 | -9/Exiles | Destroyed 8 combat bots 3939 | -9/Exiles | Attacked by the Exiles 3976 | -9/Exiles | Reached level 10 3986 | -9/Exiles | Core integrity fell below 50% 4027 | -9/Exiles | Destroyed 11 combat bots 4057 | -9/Exiles | Core integrity fell below 20% 4084 | -9/Exiles | Destroyed 8R-AWN 4091 | -9/Exiles | Found Prototype Ballistic Gun 4091 | -9/Exiles | Identified 8R-AWN's Boregun 4094 | -9/Exiles | Found 8R-AWN's Boregun 4116 | -9/Exiles | Destroyed by H-55 Commando with Assault Rifle Last Messages --------------- 04073_ Penetrated by HV Slug. 04073_ HV Slug penetrates Wall. 04073_ Penetrated by HV Slug. 04073_ HV Slug penetrates Wall. 04078_ HV Slug penetrates HEX's Workstation. 04078_ Penetrated by HV Slug. 04078_ HV Slug penetrates HEX's Workstation. 04082_ Penetrated by HV Slug. 04082_ HV Slug penetrates Wall. 04084_ 8R-AWN destroyed. 04087_ Acquired 168 matter. 04090_ Dropped Hvy. Assault Rifle. 04091_ Acquired Prototype Ballistic Gun. 04091_ Identified 8R-AWN's Boregun. 04094_ Acquired 8R-AWN's Boregun. 04107_ P-60 Hacker destroyed. 04109_ Acquired 42 matter. 04109_ P-60 Hacker suffers critical hit. 04109_ P-60 Hacker destroyed. 04116_ HV Slug penetrates H-55 Commando. Map ----- +----------------------------------------------------+ | ??????????#????#??#???# =#! ""#????????????? | | ??????????????######### ##" " #?#??????????? | | ??????????????#""""""## #########????????????? | | ??????????????#"""" ## ##???????????????????? | | ??????????????#""X" #????????????????????? | | ??????????????#" #???????????#????????? | | ??????????????#" ## #????????#???????????? | | ??????????????#""""""## #?#########??????????? | | ??????????????##"###### #?#"""""""#??????????? | | ??????????#??? "?????# #?#"""""""#??????????? | | ?????????????"""???#??# #?#"""""""#??????????? | | ?????????????"""?????## ### " """"#??????????? | | ??????????????????#??#" """"#??????????? | | ?????????????#???????#" """#??????????? | | ???????????????#?????#" """#??????????? | | ?????????????#???????# """##???????#?? | | ?????????????#???#???# """#??????????? | | ?????????????????????# """##?????????? | | ?????????????????????## """"""????????? | | ???????????? ?????????# """##?????????? | | ?????????????????????## "X" """""?????????? | | ??????????????????????#" " " # ?????#???? | | ??????????????????????# "" """""#??????????? | | ????????????"???##???##" ;##"#######??????????? | | ????????# ????#?????##" / ## #?#???????#??????? | | ????????# ?????######" @ ##????????????????? | | ??????#X# #"###""" "" =! #???#??????#?????? | | ????? """ " * [ #?###########????? | | ????? "" "" ! %!####"""""""""##??## | | ???? |[%* " """ """"##??# | | ???? = [%==%=[[ "" " ##?? | | ???? !%=!=[%=*%== " """#??# | | ??? [%[=[%[% " "#??? | | ??? ==%[! " "##?? | | ?? %!%=| ""### | | ???" " " "" =|=[[ """# | | ?? ######"""%*[ h "# | | ?? ""##????#####= " # | | ??" """##????????### "" | | ??? """#???#????????#"""" | | ??? ""????????????##"" | | ???? #??####???####"""" | | ???? ? ## ####""" | | ????????? """" | | ????????? | | ???????? | | ????????? | | ????????? " "" """ "" | | ????????? ""## ##""" " " ""#" "# | | ?????????? ""##?# ######""" """##"""""""## | +----------------------------------------------------+ Best States ------------- Heat Dissipation 55 Energy Generation 19 Energy Capacity 210 Matter Stores 350 Matter Capacity 350 Sight Range 16 Robot Scan Range 13 Terrain Scan Range 16 Terrain Scan Density 10 Resistance: KI 5 Resistance: TH 5 Evasion (%) 63 Targeting Accuracy 5 Offensive Hacking 10 Item Schematics ----------------- Bore Cannon | -9/Materials | Scanalyzed Grenade Launcher | -9/Materials | Scanalyzed Melee Analysis Suite | -9/Materials | Scanalyzed Imp. Light Cannon | -9/Materials | Scanalyzed Robot Schematics ------------------ None Fabricated ------------ Nothing Alien Tech Used ----------------- None Achievements -------------- None Challenges ------------ None RPGLIKE | -11 -10 -10 -9 -9 -9 --------- Run | Scr Mat Min Mat Min Exi Levels Raised 9 | . 2 1 5 . 1 XP Earned 16872 | 3000 4251 750 7123 683 1065 XP Spent 14655 | 2755 3200 1250 7450 . . Upgrades 34 | 9 9 6 10 . . Power Slot 1 | . . . 1 . . Propulsion Slot 3 | 1 . 1 1 . . Utility Slot 3 | 2 . . 1 . . Weapon Slot 3 | 1 1 . 1 . . Core Integrity 3 | 3 . . . . . Heat Dissipation 5 | . . 5 . . . Energy Generation 1 | . . . 1 . . Energy Storage 1 | . 1 . . . . Matter Storage 1 | . 1 . . . . Mass Support 3 | 1 1 . 1 . . Inventory Capacity 3 | 1 1 . 1 . . Ranged Accuracy 3 | . 1 . 2 . . Hack Attack % 2 | . 1 . 1 . . KI Resistance % 1 | . 1 . . . . TH Resistance % 1 | . 1 . . . . Protomatter Created 957 | . 313 . 414 55 175 Integrity Restored 2114 | . 883 . 949 123 159 Core 1796 | . 779 . 766 92 159 Parts 318 | . 104 . 183 31 . Protomatter Decayed 241 | . 16 . 79 . 146 Game ------ Seed SpreadBattleStabilizer Manual? 0 Play Time 01:12:09 Cumulative 18.5 hours Start 2021.10.30 @ 17:51:45 End 2021.10.30 @ 19:59:07 Sessions 1 Manual Loads 0 Difficulty Rogue Special Mode Winter2019/RPGLIKE Game No. 31 Rogue 31 Adventurer 0 Explorer 0 Win Type - Total 0 Types 0/0/0/0/0/0/0/0/0 Lore% 19 Gallery% 21 Achievement% 18 Wizard Run 0 Options --------- ASCII 0 Keyboard 0 Movement Numpad Keybinds 0 Fullscreen 1 Font 24/Smallcaps Map View 76x50 Tactical HUD 1 Map Filters NONE Filters NONE Steam 1 RUN: 28fd395b-4227-42f6-bf80-69d8a45a03d7